 Dungeon Crawl Stone Soup version 0.28.0 (webtiles) character file.

Game seed: 6694238125179844544

152 a3don the Caller (level 5, -1/30 HPs)
             Began as a Kobold Summoner on Feb 15, 2022.
             Slain by an orc (8 damage)
             ... on level 3 of the Dungeon.
             The game lasted 00:08:48 (3441 turns).

a3don the Caller (Kobold Summoner)                  Turns: 3441, Time: 00:08:49

Health: -1/30      AC:  3    Str:  5    XL:     5   Next: 60%
Magic:  5/9        EV: 15    Int: 19    God:
Gold:   110        SH:  0    Dex: 15    Spells: 3/9 levels left

rFire   . . .      SeeInvis .   c - +0 dagger
rCold   . . .      Faith    .   (no shield)
rNeg    . . .      Spirit   .   o - +1 robe {Archmagi}
rPois   .          Reflect  .   (no helmet)
rElec   .          Harm     .   (no cloak)
rCorr   .          Rampage  .   (no gloves)
Will    .....      Archmagi +   (no boots)
Stlth   ++++......              (no amulet)
HPRegen 0.10/turn               (no ring)
MPRegen 0.11/turn               (no ring)

@: studying Transmutations
A: small, no large weapons, nightstalker 3
a: no special abilities


You were on level 3 of the Dungeon.
You visited 1 branch of the dungeon, and saw 3 of its levels.

You collected 110 gold pieces.

Inventory:

Hand Weapons
 c - a +0 dagger (weapon)
Missiles
 b - 6 poisoned darts (quivered)
 q - 14 stones
Armour
 o - a +1 robe of the Archmagi (worn)
Jewellery
 a - a +6 ring of strength
Scrolls
 d - a scroll of teleportation {unknown}
 e - a scroll of silence {unknown}
 f - a scroll of fog {unknown}
 g - 3 scrolls of magic mapping {unknown}
 h - a scroll of identify {unknown}
 j - a scroll of brand weapon {unknown}
 k - a scroll of vulnerability {unknown}
 l - a scroll of immolation {unknown}
 n - a scroll of summoning {unknown}
Potions
 i - a potion of haste {unknown}
 m - a potion of brilliance {unknown}
 p - a potion of flight {unknown}


   Skills:
 + Level 1.9 Fighting
 + Level 2.4 Short Blades
 + Level 3.4 Dodging
 + Level 3.9 Stealth
 + Level 2.9 Spellcasting
 + Level 4.5 Summonings


You had 3 spell levels left.
You knew the following spells:

 Your Spells              Type           Power      Damage    Failure   Level
a - Summon Small Mammal   Summ           100%       N/A       2%          1
b - Call Imp              Summ           29%        N/A       3%          2
c - Call Canine Familiar  Summ           29%        N/A       8%          3

Your spell library contained the following spells:

 Spells                   Type           Power      Damage    Failure   Level
 Summon Guardian Golem    Hex/Summ       16%        N/A       19%         3
 Summon Lightning Spire   Summ/Air       16%        N/A       52%         4


Dungeon Overview and Level Annotations

Branches:
Dungeon (3/15)

Altars:

Shops:
D:1 =*::


Innate Abilities, Weirdness & Mutations

You are small and have problems with some larger weapons.
You are completely attuned to the shadows.


Message History

Your hound closely misses the orc priest.
The bat closely misses your crimson imp.
The orc priest hits you with a +2 mace of holy wrath.
* * * LOW HITPOINT WARNING * * *
The orc closely misses you.
The orc hits your hound with a +0 war axe.
The orc barely misses your crimson imp.
Your hound bites the orc.
Your crimson imp blinks!
The bat barely misses your hound.
The orc priest looks encouraged for a moment.
Your hound barely misses the orc.
The orc hits your hound with a +0 war axe!
Your hound dies!
Your hound's corpse disappears in a puff of smoke!
The orc shouts!
Casting: Summon Small Mammal (safe; 2% risk of failure)
Confirm with . or Enter, or press ? or * to list all spells.
You don't have enough magic to cast this spell.
Casting: Summon Small Mammal (safe; 2% risk of failure)
Confirm with . or Enter, or press ? or * to list all spells.
You feel a surge of power!
The orc priest calls upon Beogh to heal the orc.
The orc's wounds heal themselves!
Your crimson imp blinks!
The orc priest hits your crimson imp with a +2 mace of holy wrath.
Your crimson imp convulses.
Your crimson imp blinks!
The bat barely misses your rat.
The orc priest hits your rat with a +2 mace of holy wrath.
Your rat dies!
Your rat's corpse disappears in a puff of smoke!
Your crimson imp blinks!
Your crimson imp blinks!
The bat barely misses you. The bat hits you.
* * * LOW HITPOINT WARNING * * *
The bat misses you.
There is a stone staircase leading up here.
The bat misses you. The orc hits you with a +0 war axe!
You die...

###########
#..........
#.##...####
##############.#8...8#
#..............##...##
#.......b.#######...#
#......@o.#
#.........# .
#........## .. ###
#........# ...##8#
##........... .....†.
#..#####..... .⌠...).
##.## ...... .......
#..# ...#8# ...##8#
#..## ... ###


You could see an orc and a bat.

Vanquished Creatures
  An adder (D:2)
  2 ball pythons (D:1)
  A giant cockroach (D:3)
  A goblin (D:2)
  4 hobgoblins
  A quokka (D:1)
  2 bats (D:1)
  A frilled lizard (D:2)
  A kobold (D:2)
  3 rats
17 creatures vanquished.

Vanquished Creatures (collateral kills)
  A scorpion (D:3)
  Jessica (D:2)
  3 adders (D:2)
  An orc (D:3)
  A bat (D:1)
  3 endoplasms
  A giant cockroach (D:1)
  2 goblins
  2 hobgoblins
  A quokka (D:1)
  3 frilled lizards
  2 kobolds
21 creatures vanquished.

Vanquished Creatures (others)
  A fungus (D:1)
  2 plants (D:1)
3 creatures vanquished.

Grand Total: 41 creatures vanquished

Notes
Turn   | Place    | Note
-------+----------+-------------------------------------------
     0 | D:1      | a3don the Kobold Summoner began the quest for the Orb.
     0 | D:1      | Reached XP level 1. HP: 10/10 MP: 3/3
   426 | D:1      | Found Maqeuky's Book Boutique.
   435 | D:1      | Found Bocaorch's Assorted Antiques.
   722 | D:1      | Reached XP level 2. HP: 12/15 MP: 3/5
   725 | D:1      | Learned a level 2 spell: Call Imp
   780 | D:1      | Found Couv's Jewellery Shoppe.
   834 | D:1      | Found a faded altar of an unknown god.
   883 | D:1      | Found Apysapoe's Book Shop.
  1156 | D:1      | Reached skill level 1 in Short Blades
  1349 | D:2      | Noticed Jessica
  1369 | D:2      | Reached XP level 3. HP: 20/20 MP: 1/6
  1493 | D:2      | Learned a level 3 spell: Call Canine Familiar
  1913 | D:2      | Reached skill level 1 in Fighting
  2104 | D:2      | Reached XP level 4. HP: 25/25 MP: 1/7
  2231 | D:2      | Killed Jessica
  3200 | D:3      | Noticed a scorpion
  3213 | D:3      | Killed a scorpion
  3214 | D:3      | Reached XP level 5. HP: 24/30 MP: 4/9
  3441 | D:3      | Slain by an orc

Illustrated notes

Levels and vault maps discovered:
D:1:      scummos_arrival_simple_fountains, layout_rooms,
          shapermc_ecumenical_altar_mp_ritualfount, serial_shops, shop,
          nicolae_shop_statue_plus, shop, shop, moated_statue,
          minmay_pentomino_x2
D:2:      kennysheep_six_static_rooms, layout_loops_ring, serial_rivers,
          chequers_serial_rivers_marsh, chequers_serial_rivers_micro_b,
          chequers_serial_rivers_large_a, chequers_serial_rivers_micro_b,
          chequers_serial_rivers_micro_c, chequers_serial_rivers_small_3,
          uniq_jessica
D:3:      cheibrodos_pilgrimage, layout_rooms, gammafunk_ghost_mausoleum,
          hangedman_decor_slide_cut, corexii_hall_statues_x, uniq_grinder

Skill      XL: |  1  2  3  4 |
---------------+-------------+-----
Stealth        | 3 |  3.9
Short Blades   | 1 2 |  2.4
Fighting       | 1 |  1.9
Dodging        | 3 |  3.4
Spellcasting   | |  2.9
Summonings     | |  4.5

Action                   |  1- 3 |  4- 6 || total
-------------------------+-------+-------++-------
Melee: Dagger            |    49 |    15 ||    64
Throw: Dart              |     2 |       ||     2
 Cast: Summon Small Mamm |    21 |     5 ||    26
       Call Imp          |     9 |     3 ||    12
       Call Canine Famil |     4 |     4 ||     8
 Stab: Sleeping          |     6 |     4 ||    10
       Distracted        |       |     1 ||     1
Armor: Robe              |    13 |     3 ||    16
Dodge: Dodged            |    67 |    28 ||    95
